 Dungeon Crawl Stone Soup version 0.22-a0-247-gbddf880 (webtiles) character file.

530 Amnesiac the Prestidigitator (level 7, -2/32 HPs)
             Began as a Spriggan Artificer on Feb 26, 2018.
             Was an Initiate of Gozag.
             Killed by nerve-wracking pain
             ... invoked by an orc priest
              (13 damage)
             ... on level 3 of the Dungeon.
             The game lasted 00:15:43 (5638 turns).

Amnesiac the Prestidigitator (Spriggan Artificer)   Turns: 5638, Time: 00:15:43

Health: -2/32      AC:  7    Str: 12    XL:     7   Next: 3%
Magic:  15/15      EV: 18    Int: 13    God:    Gozag
Gold:   480        SH:  0    Dex: 16    Spells: 6/6 levels left

rFire    . . .     SeeInvis +   a - +1 dagger (drain)
rCold    . . .     Gourm    .   (shield restricted)
rNeg     . . .     Faith    .   v - +0 robe (curse)
rPois    .         Spirit   .   C - +2 hat
rElec    .         Reflect  .   y - +2 cloak
rCorr    .         Harm     .   (gloves unavailable)
MR       +....                  (boots unavailable)
Stlth    ++........             (no amulet)
HPRegen  0.10/turn              p - +2 ring of strength
MPRegen  0.14/turn              (no ring)

@: gold aura, very quick
A: very small, unfitting armour, see invisible, herbivore, speed 3, slow
metabolism 2
a: Potion Petition, Call Merchant, Bribe Branch, Renounce Religion


You were on level 3 of the Dungeon.
You worshipped Gozag.
Gozag was aware of your devotion.
You were not hungry.

You visited 2 branches of the dungeon, and saw 7 of its levels.

You collected 566 gold pieces.
You paid 86 gold pieces to Gozag.

Inventory:

Hand Weapons
 a - a +1 dagger of draining (weapon)
 b - a +0 blowgun
 u - a +0 flail of protection
Missiles
 g - 236 stones (quivered)
 i - 3 needles of frenzy
 l - 32 poisoned needles
 m - 38 sling bullets
 G - a throwing net
Armour
 v - a cursed +0 robe (worn)
 y - a +2 cloak (worn)
 C - a +2 hat (worn)
Jewellery
 p - a +2 ring of strength (left hand)
Wands
 c - a wand of flame (5)
 d - a wand of enslavement (10)
 e - a wand of random effects (30)
 E - a wand of paralysis (5)
Scrolls
 h - a scroll of fog {!r, unknown}
 j - 11 scrolls of identify {!r, unknown}
 k - 3 scrolls of amnesia {!r, unknown}
 n - 3 scrolls of enchant weapon {!r, unknown}
 o - 3 scrolls of fear {!r, unknown}
 q - 3 scrolls of teleportation {!r, unknown}
 s - 2 scrolls of remove curse {!r, unknown}
 D - a scroll of immolation {!r, unknown}
Potions
 r - 4 potions of curing {!q, unknown}
 t - a potion of lignification {!q, unknown}
 w - 2 potions of ambrosia {!q, unknown}
 x - a potion of flight {!q, unknown}
 z - a potion of mutation {!q, unknown}
 A - a potion of might {!q, unknown}
 B - 2 potions of agility {!q, unknown}
 F - a potion of resistance {!q, unknown}
Comestibles
 f - 7 rations


   Skills:
 - Level 0.7 Fighting
 * Level 1.3 Short Blades
 - Level 3.0 Dodging
 - Level 1.5 Stealth
 * Level 10.4 Evocations


You had 6 spell levels left.
You didn't know any spells.

Dungeon Overview and Level Annotations

Branches:
Dungeon (6/15)             Temple (1/1) D:6

Altars:
Ashenzari
Cheibriados
Dithmenos
Elyvilon
Fedhas
Gozag
Hepliaklqana
Kikubaaqudgha
Nemelex Xobeh
Okawaru
Qazlal
Ru
Sif Muna
Trog
Uskayaw
Wu Jian
Yredelemnul
The Shining One

Annotations:
D:1 exclusion: door
D:4 Amnesiac's ghost, amateur SpAr; Grinder


Innate Abilities, Weirdness & Mutations

You are very small and have problems with some larger weapons.
You are too small for most types of armour.
You have supernaturally acute eyesight. (SInv)
You are a herbivore.
You cover ground extremely quickly.
You need consume almost no food.


Message History

You hear a shout!
A jackal comes into view.
The jackal barks!
The leopard gecko hisses angrily.
You hit the rat.
You kill the rat!
The orc throws a stone.
The stone closely misses you. The orc closely misses you.
The jackal is distracted by the nearby gold.
The orc priest is distracted by the nearby gold.
You see here 8 gold pieces.
The leopard gecko is distracted by the nearby gold.
The jackal closely misses you.
You see here a stone.
The leopard gecko hisses angrily.
The jackal is distracted by the nearby gold.
The orc throws a stone.
The stone hits you but does no damage.
You see here a stone.
You swing at nothing.
The orc throws a stone.
The stone hits you but does no damage.
The orc throws a stone.
The stone misses you.
You swing at nothing.
You swing at nothing.
You swing at nothing.
The leopard gecko bites you.
You hit the leopard gecko. You drain the leopard gecko!
You kill the leopard gecko!
The orc closely misses you.
You hit the orc. You drain the orc!
The orc is almost dead.
The orc completely misses you.
You hit the orc.
You kill the orc!
You swing at nothing.
The orc priest shouts!
You hear an angry hiss.
You hear a bark!
Evoke which item? (* to show all) (? for menu, Esc to quit)
Aiming: Throw Flame
Press: ? - help, Shift-Dir - straight line, f - orc priest
Aim: an orc priest, wearing a robe The puff of flame hits the orc priest.
The orc priest is almost dead.
You closely miss the orc priest.
The orc priest is almost dead.
The orc priest closely misses you.
You completely miss the orc priest.
The orc priest is almost dead.
The orc priest looks braver for a moment.
You hit the orc priest but do no damage.
The orc priest is almost dead.
The orc priest hits you but does no damage.
You hit the orc priest but do no damage.
The orc priest is almost dead.
You barely miss the orc priest.
The orc priest is almost dead.
The orc priest invokes the aid of Beogh against you.
Beogh smites you!
* * * LOW HITPOINT WARNING * * *
You hear an angry hiss.
You closely miss the orc priest.
The orc priest is almost dead.
The jackal bites you.
* * * LOW HITPOINT WARNING * * *
The orc priest calls down the wrath of Beogh upon you.
Pain shoots through your body!
You die...
Your body crumbles into a pile of gold.

...o. $ ..l..# ##
.......###.#
..o...h.o..#
###########.......h.$#
#....<.....l.#####.(##
#.......h##.# ###(.##
#......oh##.###...##
#......@.##.##.hh.#
######$###l..o.##$#
#.....(...#####.#
####.###(###.### #..
#....# #.......# ###.#
######.#### ##......#
..# #......# #......##
#.+ #.PPP..# #.......#
..# #P.PPP.#
#.......####.##'#


You could see an orc priest and 2 jackals.

Vanquished Creatures
  Menkaure (D:5)
  A howler monkey (D:4)
  A hound (Temple)
  An orc wizard (D:5)
  2 orc priests
  Natasha (twice) (D:2)
  2 adders
  A gnoll (D:3)
  A shadow imp (D:6)
  An ooze (D:3)
  A worm (D:3)
  2 leopard geckos
  3 orcs
  12 bats (D:1)
  2 giant cockroaches
  8 goblins
  10 hobgoblins
  4 jackals (D:2)
  A quokka (D:2)
  3 frilled lizards
  5 kobolds
  13 rats
77 creatures vanquished.

Vanquished Creatures (collateral kills)
  An ogre (D:6)
  An orc wizard (D:6)
  A worker ant (D:4)
  2 gnolls
  A shadow imp (D:6)
  4 orcs (D:6)
10 creatures vanquished.

Vanquished Creatures (others)
  A bullfrog (D:6)
  A centaur (D:6)
  A gnoll (D:4)
  An adder (D:6)
  A fungus (D:3)
5 creatures vanquished.

Grand Total: 92 creatures vanquished

Notes
Turn   | Place    | Note
-------+----------+-------------------------------------------
     0 | D:1      | Amnesiac the Spriggan Artificer began the quest for the Orb.
     0 | D:1      | Reached XP level 1. HP: 9/9 MP: 4/4
   179 | D:2      | Found a bloodstained altar of Trog.
   220 | D:3      | Found a blossoming altar of Fedhas.
   239 | D:3      | Noticed an orc priest
   239 | D:3      | Noticed an orc priest
   290 | D:3      | Reached XP level 2. HP: 3/14 MP: 6/6
   326 | D:3      | Reached skill level 5 in Evocations
   326 | D:3      | Reached XP level 3. HP: 6/17 MP: 8/8
   783 | D:4      | Noticed Amnesiac's ghost (amateur SpAr)
   792 | D:4      | Reached skill level 6 in Evocations
   792 | D:4      | Reached XP level 4. HP: 21/21 MP: 10/10
  1494 | D:4      | Reached skill level 7 in Evocations
  1518 | D:4      | Found an iron altar of Okawaru.
  1525 | D:4      | Noticed Grinder
  1668 | D:4      | Paralysed by Grinder for 4 turns
  1710 | D:4      | Paralysed by Grinder for 5 turns
  1775 | D:5      | Entered Level 5 of the Dungeon
  1795 | D:5      | Found a deep blue altar of Sif Muna.
  1802 | D:5      | Reached XP level 5. HP: 16/25 MP: 11/11
  1839 | D:5      | Noticed Menkaure
  1858 | D:5      | Killed Menkaure
  1858 | D:5      | Reached skill level 9 in Evocations
  1858 | D:5      | Reached XP level 6. HP: 5/29 MP: 11/13
  2665 | D:6      | Noticed an orc warrior
  2813 | D:6      | Noticed an orc warrior
  2990 | D:6      | Found a staircase to the Ecumenical Temple.
  3000 | Temple   | Entered the Ecumenical Temple
  3039 | Temple   | Became a worshipper of Gozag Ym Sagoz the Greedy
  4482 | D:2      | Reached skill level 10 in Evocations
  4581 | D:2      | Found a basalt altar of Yredelemnul.
  4581 | D:2      | Noticed Natasha
  4582 | D:2      | Found a deep blue altar of Sif Muna.
  4593 | D:2      | Killed Natasha
  4822 | D:2      | Noticed Natasha
  4838 | D:2      | Killed Natasha
  5255 | D:3      | Reached XP level 7. HP: 32/32 MP: 15/15
  5638 | D:3      | Killed from afar by an orc priest

Vault maps used:
D:1:      evilmike_arrival_run_for_it
D:2:      overflow_temple_1_default, gammafunk_temple_overflow_pools,
          first_ration, uniq_natasha
D:3:      kennysheep_pointless_box, minmay_misc_feat_doors, fedhas_altar_3
D:4:      kennysheep_little_box, hangedman_decor_riveting, uniq_grinder
D:5:      basic_altar, uniq_menkaure
D:6:      minmay_temple_entry_glassed_door
Temple:   eino_narrow_crystal_temple

Skill      XL: |  1  2  3  4  5  6 |
---------------+-------------------+-----
Evocations     | 5 6 7 9 10 | 10.4
Fighting       | |  0.7
Short Blades   | |  1.3
Dodging        | |  3.0
Stealth        | |  1.5

Action                   |  1- 3 |  4- 6 |  7- 9 || total
-------------------------+-------+-------+-------++-------
Melee: Short sword       |    17 |    58 |       ||    75
       Dagger            |       |   136 |    24 ||   160
 Fire: Blowgun           |    20 |       |       ||    20
Evoke: Wand              |     9 |    22 |     1 ||    32
 Stab: Sleeping          |     1 |     7 |       ||     8
       Paralysed         |       |     8 |       ||     8
  Eat: Ration            |       |     2 |       ||     2
Armor: Robe              |     2 |    41 |     7 ||    50
Dodge: Dodged            |    26 |   215 |    22 ||   263

Table legend:
 A = Spawn XP
 B = Non-spawn XP
 C = Spawn XP percentage of total XP
 D = Spawn monster count
 E = Non-spawn monster count
 F = Spawn count percentage of total count
 G = Total turns spent on level
                    A         B        C        D         E        F      G
               +---------+---------+-------+---------+---------+-------+---------
         Total |       0 |     758 |   0.0 |       0 |      87 |   0.0 |  5638
               +---------+---------+-------+---------+---------+-------+---------
           D:1 |       0 |      58 |   0.0 |       0 |      38 |   0.0 |  1276
           D:2 |       0 |     113 |   0.0 |       0 |      21 |   0.0 |  1094
           D:3 |       0 |      92 |   0.0 |       0 |      11 |   0.0 |   564
           D:4 |       0 |     122 |   0.0 |       0 |       4 |   0.0 |  1207
           D:5 |       0 |     215 |   0.0 |       0 |       3 |   0.0 |   800
           D:6 |       0 |     115 |   0.0 |       0 |       9 |   0.0 |   444
        Temple |       0 |      43 |   0.0 |       0 |       1 |   0.0 |   253
               +---------+---------+-------+---------+---------+-------+---------
